 Seeded DCSS version 0.29-a0-322-g68df515428 (webtiles) character file.

Game seed: 9763127679312369251 (custom seed)

2 ImHallYall the Sneak (level 1, -1/18 HPs)
             Began as a Human Delver on Apr 5, 2022.
             Slain by a bullfrog (5 damage)
             ... on level 5 of the Dungeon.
             The game lasted 00:00:56 (354 turns).

ImHallYall the Sneak (Human Delver)                  Turns: 354, Time: 00:00:56

Health: -1/18      AC:  3    Str: 12    XL:     1   Next: 33%
Magic:  1/1        EV: 12    Int: 10    God:
Gold:   14         SH:  0    Dex: 14    Spells: 0/0 levels left

rFire   . . .      SeeInvis .   a - +0 falchion
rCold   . . .      Faith    .   (no shield)
rNeg    . . .      Spirit   .   b - +0 leather armour
rPois   .          Reflect  .   (no helmet)
rElec   .          Harm     .   (no cloak)
rCorr   .          Rampage  .   (no gloves)
Will    .....                   (no boots)
Stlth   +++.......              (no amulet)
HPRegen 0.06/turn               (no ring)
MPRegen 0.07/turn               (no ring)

@: no status effects
A: no striking features
a: no special abilities


You were on level 5 of the Dungeon.
You visited 1 branch of the dungeon, and saw 1 of its levels.

You collected 14 gold pieces.

Inventory:

Hand Weapons
 a - a +0 falchion (weapon)
 h - a +0 mace
Armour
 b - a +0 leather armour (worn)
Wands
 g - a wand of digging (3)
Scrolls
 c - a scroll of fog
 d - a scroll of magic mapping
 e - a scroll of fear
Potions
 f - a potion of haste


   Skills:
 + Level 3.0 Fighting
 + Level 2.0 Long Blades
 + Level 2.0 Dodging
 + Level 5.0 Stealth


You couldn't memorise any spells.
You didn't know any spells.
Your spell library was empty.

Dungeon Overview and Level Annotations

Branches:
Dungeon (5/15)             Temple (0/1) D:5

Altars:


Message History

Done waiting.
You start waiting.
Done waiting.
Found a dagger and 10 gold pieces.
An orc comes into view. It is wielding a +0 club.
You see here 15 gold pieces.
The orc shouts!
An orc and a sky beast come into view.
You see here 10 gold pieces.
The bullfrog gives a loud, deep croak!
There is an escape hatch in the ceiling here.
You can't go down here!
The orc attacks as you move away! The orc hits you with a +0 club.
The orc attacks as you move away! The orc barely misses you.
The bullfrog misses you. The bullfrog hits you.
You barely miss the orc.
The bullfrog hits you but does no damage.
The orc completely misses you.
You hit the orc.
The orc is severely wounded.
The bullfrog barely misses you. The bullfrog closely misses you.
The orc closely misses you.
You hit the orc.
You kill the orc!
The bullfrog hits you. The bullfrog misses you. The bullfrog hits you.
The bullfrog completely misses you.
Things that are here:
a +0 club; an orc corpse You hit the bullfrog.
The bullfrog is lightly wounded.
The bullfrog hits you.
You hit the bullfrog.
The bullfrog is moderately wounded.
The bullfrog barely misses you. The bullfrog closely misses you.
You hit the bullfrog.
The bullfrog is moderately wounded.
The bullfrog hits you.
* * * LOW HITPOINT WARNING * * *
The bullfrog hits you.
You die...

...................# ...
....................# .h...##
...................## ...<..
...................# ....#.
....................# ...#.
....................# ...#.
....................# #.##.
....................######.##.
........$...<@.............###
.............F.............###
..............................
.............w................
.......$.)....................
.....................#####....
.....................# #....
Y..................... #.###
......##########...##.# #.#


You could see a bullfrog and a worm.

Vanquished Creatures
  An orc (D:5)
1 creature vanquished.

Notes
Turn   | Place    | Note
-------+----------+-------------------------------------------
     0 | D:5      | ImHallYall the Human Delver began the quest for the Orb.
     0 | D:5      | Reached XP level 1. HP: 18/18 MP: 1/1
    35 | D:5      | Noticed a centaur
    59 | D:5      | Found a staircase to the Ecumenical Temple.
    60 | D:5      | Noticed a centaur
    66 | D:5      | Noticed an iguana
    97 | D:5      | Noticed a black bear
   103 | D:5      | Noticed a bullfrog
   336 | D:5      | Noticed a sky beast
   354 | D:5      | Slain by a bullfrog

Illustrated notes

Levels and vault maps discovered:
D:5:      layout_basic, minmay_temple_entry_stoned_glass

Action                   || total
-------------------------++-------
Melee: Falchion          ||     6
Armor: Leather armour    ||     1
Dodge: Dodged            ||    10

Table legend: (Time is in decaauts)
 A = Elapsed time spent in this place.
 B = Non-inter-level travel time spent in this place.
 C = Inter-level travel time spent in this place.
 D = Time resting spent in this place.
 E = Time spent auto-exploring this place.
 F = Levels seen in this place.
 G = Mean time per level.
                   A        B        C        D        E       F      G
               +--------+--------+--------+--------+--------+-----+--------+
         Total |    355 |    355 |      0 |    200 |     26 |   1 |  355.0 |
       Dungeon |    355 |    355 |      0 |    200 |     26 |   1 |  355.0 |
               +--------+--------+--------+--------+--------+-----+--------+

Top non-repeatable levels by time:
     D:5: 355 daAuts
